 Dungeon Crawl Stone Soup version 0.30-b1-2-g02819fbbbe (webtiles) character file.

Game seed: 9125467772210815964

11556 Anothat the Thrower (level 11, -6/84 HPs)
             Began as a Gnoll Wanderer on May 10, 2023.
             Was a High Priest of Uskayaw.
             Mangled by a skyshark (7 damage)
             ... on level 1 of the Lair of Beasts.
             The game lasted 00:19:55 (10837 turns).

Anothat the Thrower (Gnoll Wanderer)               Turns: 10837, Time: 00:19:55

Health: -6/84      AC: 16    Str: 11    XL:     11   Next: 79%
Magic:  31/31      EV: 16    Int: 10    God:    Uskayaw [*****.]
Gold:   662        SH:  0    Dex: 28    Spells: 24/25 levels left

rFire   . . .        y - +9 sling of Might {flame, Dex+4}
rCold   . . .        (no shield)
rNeg    . . .        t - +3 ring mail
rPois   .            H - +1 helmet
rElec   .            G - +2 cloak {Stlth+}
rCorr   .            (no gloves)
SInv    .            b - +0 pair of boots
Will    .....        (no amulet)
Stlth   +++++        e - ring of magical power
HPRegen 0.34/turn    B - +6 ring of dexterity
MPRegen 0.22/turn

%: no passive effects
@: about to teleport
A: fangs 1, strong nose, distributed training
a: Renounce Religion, Stomp, Line Pass, Grand Finale


You were on level 1 of the Lair of Beasts.
You worshipped Uskayaw.
Uskayaw was aware of your devotion.
You visited 3 branches of the dungeon, and saw 12 of its levels.

You collected 662 gold pieces.

Inventory:

Hand Weapons
 a - a +2 short sword
 k - a +5 spear of freezing
 y - the +9 sling of Might (weapon) {flame, Dex+4}
   (You found it on level 5 of the Dungeon)

   Dex:       It affects your dexterity (+4).
 F - the +9 shortbow of Disorder {drain, rPois Will+ Int+3 Stlth-}
   (You took it off an orc on level 7 of the Dungeon)

   Int:       It affects your intelligence (+3).
   rPois:     It protects you from poison.
   Will:      It increases your willpower.
   Stlth:     It makes you less stealthy.
Armour
 b - a +0 pair of boots (worn)
 g - a +1 cloak
 n - a +0 plate armour
 t - a +3 ring mail (worn)
 G - a +2 cloak of stealth (worn)
 H - a +1 helmet (worn)
Jewellery
 e - a ring of magical power (left hand)
 f - a ring of see invisible
 w - an amulet of magic regeneration
 B - a +6 ring of dexterity (right hand)
Wands
 h - a wand of mindburst (2)
 E - a wand of flame (18)
 I - a wand of polymorph (4)
 J - a wand of acid (4)
Scrolls
 d - 3 scrolls of enchant weapon
 l - a scroll of amnesia
 r - a scroll of magic mapping
 u - 2 scrolls of teleportation
 v - 5 scrolls of fear
 z - 2 scrolls of enchant armour
Potions
 c - 3 potions of curing
 i - 5 potions of flight
 j - 4 potions of might
 m - 2 potions of resistance
 o - a potion of ambrosia
 p - 2 potions of haste
 q - 3 potions of heal wounds
 s - 3 potions of brilliance
 x - 2 potions of lignification
 A - a potion of attraction {unknown}
 C - a potion of degeneration {unknown}
 D - a potion of mutation {unknown}
 K - a potion of magic {unknown}


   Skills:
 + Level 7.4 Fighting
 + Level 8.3 Short Blades
 + Level 6.9 Long Blades
 + Level 6.9 Axes
 + Level 6.9 Maces & Flails
 + Level 6.9 Polearms
 + Level 6.9 Staves
 + Level 6.9 Ranged Weapons
 + Level 8.3 Throwing
 + Level 7.4 Armour
 + Level 7.4 Dodging
 + Level 6.9 Stealth
 + Level 6.9 Shields
 + Level 6.9 Unarmed Combat
 + Level 7.5 Spellcasting
 + Level 5.7 Conjurations
 + Level 5.7 Hexes
 + Level 5.7 Summonings
 + Level 5.7 Necromancy
 + Level 5.7 Translocations
 + Level 5.7 Transmutations
 + Level 6.1 Fire Magic
 + Level 5.7 Ice Magic
 + Level 5.7 Air Magic
 + Level 5.7 Earth Magic
 + Level 5.7 Poison Magic
 + Level 8.0 Invocations
 + Level 6.9 Evocations


You had 24 spell levels left.
You knew the following spells:

 Your Spells              Type           Power      Damage    Failure   Level
a - Foxfire               Conj/Fire      60%        2x1d7     3%          1

Your spell library contained the following spells:

 Spells                   Type           Power      Damage    Failure   Level
 Cigotuvi's Dreadful Rot  Necr/Pois/Air  30%        N/A       5%          2
 Ignite Poison            Fire/Tmut/Pois 15%        N/A       10%         3
 Volatile Blastmotes      Fire/Tloc      30%        2d12      10%         3
 Gell's Gravitas          Tloc           15%        N/A       11%         3
 Portal Projectile        Hex/Tloc       30%        N/A       11%         3
 Teleport Other           Tloc           15%        N/A       11%         3
 Tukima's Dance           Hex            15%        N/A       11%         3
 Alistair's Intoxication  Tmut/Pois      10%        N/A       69%         5
 Blade Hands              Tmut           7%         N/A       69%         5
 Borgnjor's Vile Clutch   Necr/Erth      7%         N/A       69%         5
 Freezing Cloud           Conj/Ice/Air   7%         6-21      69%         5
 Dispersal                Tloc           7%         N/A       99%         6
 Eringya's Noxious Bog    Tmut/Pois      7%         N/A       99%         6


Dungeon Overview and Level Annotations

Branches:
Dungeon (10/15)            Temple (1/1) D:7            Lair (1/5) D:10
    Orc: D:9-12

Altars:
Ashenzari
Cheibriados
Dithmenos
Elyvilon
Fedhas
Gozag
Hepliaklqana
Kikubaaqudgha
Makhleb
Nemelex Xobeh
Okawaru
Qazlal
Ru
Sif Muna
Trog
Uskayaw
Vehumet
Wu Jian
Xom
Yredelemnul
Zin
The Shining One

Shops:
D:6 *

Annotations:
D:3 2 runed translucent doors, hubahurr's ghost, amateur DENe
D:6 1 runed translucent door, windycow's ghost, novice BaHu
D:9 2 transporters


Innate Abilities, Weirdness & Mutations

You have very sharp teeth.
Your uncanny sense of smell can sniff out nearby items.
Your experience applies equally to all skills.


Message History

The skyshark tastes blood and grows stronger!
The skyshark barely misses you. x2
You shoot a sling bullet. The sling bullet hits the wolf.
The sling bullet burns the wolf.
You kill the wolf!
The wolf bites you but does no damage.
A wolf comes into view.
The wolf bites you but does no damage. The wolf closely misses you.
The skyshark misses you. The skyshark tail-slaps you.
The skyshark tail-slaps you but does no damage.
The wolf bites you but does no damage.
You are too injured to fight recklessly!
Fire: y) +9 sling of Might {flame, Dex+4}
Press: ? - help, Q - select action, (/) - cycle Shift-Dir - straight line You can't see that place. [the floor.]
You can't see that place.
Okay, then.
Fire: y) +9 sling of Might {flame, Dex+4}
Press: ? - help, Q - select action, (/) - cycle Shift-Dir - straight line, f - skyshark
Aim: a skyshark (strong, 80% to hit)
You shoot a sling bullet. The wolf howls!
The sling bullet hits the skyshark!
The sling bullet burns the skyshark.
The skyshark is lightly wounded.
The wolf closely misses you.
The wolf bites you but does no damage. x2
The skyshark bites you!!
* * * LOW HITPOINT WARNING * * *
The skyshark enters a blood-rage!
The skyshark completely misses you. The skyshark tail-slaps you.
* * * LOW HITPOINT WARNING * * *
The wolf misses you.
Uskayaw prepares the audience for your solo!
As you read the scroll of teleportation, it crumbles to dust.
You feel strangely unstable.
The skyshark is no longer paralysed.
The skyshark bites you!!
* * * LOW HITPOINT WARNING * * *
The skyshark tail-slaps you but does no damage.
The skyshark closely misses you. x2; The skyshark tail-slaps you!
You die...

..## ##...#
#....##
##.....##
#.......#
##.......♣.
#h†........
##hS....h.♣.
#@lh..h.h..S
##hh....♣..h
#Fh........
#...........
#...........
............
........#....
..##...###♣...


You could see a skyshark (berserk), a cane toad (paralysed), a water moccasin
(paralysed) and 9 wolves.

Vanquished Creatures
  Josephine (D:10)
  2 two-headed ogres
  An ugly thing (D:7)
  Maurice (D:10)
  An elephant (D:10)
  3 gargoyles
  Maggie (D:6)
  A kobold demonologist (D:7)
  A troll (D:10)
  A hornet (D:7)
  Grinder (D:3)
  2 slime creatures (D:7)
  6 wraiths
  A wyvern (D:10)
  6 yaks
  A basilisk (D:10)
  Menkaure (D:6)
  Edmund (D:6)
  3 orc warriors
  An ice beast (D:6)
  2 sky beasts
  4 black bears
  7 wolves (Lair:1)
  5 centaurs
  2 kobold brigands (D:7)
  2 bullfrogs
  3 gnoll sergeants
  A scorpion (D:7)
  4 wights
  7 killer bees (D:9)
  6 howler monkeys
  6 jellies
  5 orc priests
  3 hounds
  2 iguanas
  11 orc wizards
  9 gnolls
  12 adders
  3 shadow imps
  3 white imps (D:7)
  2 worms
  2 dart slugs (D:1)
  40 orcs
  5 endoplasms
  A giant cockroach (D:3)
  8 goblins
  9 hobgoblins
  9 jackals (D:1)
  3 quokkas
  5 ball pythons
  7 bats
  6 frilled lizards
  6 kobolds
  4 rats
240 creatures vanquished.

Vanquished Creatures (others)
  2 fungi (D:1)
  A plant (D:10)
3 creatures vanquished.

Grand Total: 243 creatures vanquished

Notes
Turn   | Place    | Note
-------+----------+-------------------------------------------
     0 | D:1      | Anothat the Gnoll Wanderer began the quest for the Orb.
     0 | D:1      | Anothat set off with the following items: a +2 short sword,
                  | a +0 pair of boots, a potion of curing, a +0 robe; and the
                  | following spell memorised: Foxfire; and the following
                  | spells available to memorise: Volatile Blastmotes.
     0 | D:1      | Reached XP level 1. HP: 17/17 MP: 4/4
   148 | D:1      | Reached XP level 2. HP: 23/23 MP: 5/5
   252 | D:1      | Reached XP level 3. HP: 26/28 MP: 7/7
   686 | D:2      | Reached skill level 1 in Long Blades
   686 | D:2      | Reached skill level 1 in Axes
   686 | D:2      | Reached skill level 1 in Maces & Flails
   686 | D:2      | Reached skill level 1 in Polearms
   686 | D:2      | Reached skill level 1 in Staves
   686 | D:2      | Reached skill level 1 in Ranged Weapons
   686 | D:2      | Reached skill level 1 in Stealth
   686 | D:2      | Reached skill level 1 in Shields
   686 | D:2      | Reached skill level 1 in Unarmed Combat
   686 | D:2      | Reached skill level 1 in Evocations
   751 | D:2      | Reached XP level 4. HP: 31/34 MP: 8/8
  1008 | D:2      | Reached skill level 1 in Conjurations
  1008 | D:2      | Reached skill level 1 in Hexes
  1008 | D:2      | Reached skill level 1 in Summonings
  1008 | D:2      | Reached skill level 1 in Necromancy
  1008 | D:2      | Reached skill level 1 in Translocations
  1008 | D:2      | Reached skill level 1 in Transmutations
  1008 | D:2      | Reached skill level 1 in Ice Magic
  1008 | D:2      | Reached skill level 1 in Air Magic
  1008 | D:2      | Reached skill level 1 in Earth Magic
  1008 | D:2      | Reached skill level 1 in Poison Magic
  1525 | D:3      | Found a runed translucent door.
  1527 | D:3      | Noticed hubahurr's ghost (amateur DENe)
  1530 | D:3      | Noticed a bullfrog
  1824 | D:3      | Reached XP level 5. HP: 40/40 MP: 9/9
  1841 | D:3      | Noticed Grinder
  1845 | D:3      | Paralysed by Grinder for 2 turns
  1850 | D:3      | Paralysed by Grinder for 2 turns
  1856 | D:3      | Paralysed by Grinder for 5 turns
  1868 | D:3      | Killed Grinder
  1869 | D:3      | Reached skill level 5 in Short Blades
  1869 | D:3      | Reached skill level 5 in Throwing
  1869 | D:3      | Reached XP level 6. HP: 31/47 MP: 11/11
  2313 | D:3      | Found a runed translucent door.
  2348 | D:3      | Found a basalt altar of Yredelemnul.
  2349 | D:3      | Found a snail-covered altar of Cheibriados.
  2940 | D:4      | Noticed a +0 hand axe
  2943 | D:4      | Noticed a +0 hand axe
  2947 | D:4      | Found a hide-covered altar of Uskayaw.
  3377 | D:5      | Entered Level 5 of the Dungeon
  3396 | D:5      | Reached XP level 7. HP: 38/52 MP: 12/12
  3897 | D:5      | Found a stormy altar of Qazlal.
  4140 | D:5      | Identified the +9 sling of Might {flame, Dex+4}
  4803 | D:6      | Reached XP level 8. HP: 60/60 MP: 14/14
  4823 | D:6      | Found Neilul's Lightly-Used Armoury.
  4830 | D:6      | Noticed Menkaure
  4832 | D:6      | Killed Menkaure
  4871 | D:6      | Noticed Edmund
  4877 | D:6      | Killed Edmund
  4922 | D:6      | Found a runed translucent door.
  4922 | D:6      | Noticed windycow's ghost (novice BaHu)
  4981 | D:6      | Noticed Maggie
  4988 | D:6      | Killed Maggie
  4989 | D:6      | Reached skill level 5 in Invocations
  5000 | D:6      | Reached XP level 9. HP: 66/66 MP: 16/16
  5280 | D:7      | Noticed a hornet
  5282 | D:7      | Reached skill level 5 in Spellcasting
  5305 | D:7      | Reached skill level 5 in Fighting
  5305 | D:7      | Reached skill level 5 in Armour
  5305 | D:7      | Reached skill level 5 in Dodging
  5315 | D:7      | Identified the +9 shortbow of Disorder {drain, rPois Will+
                  | Int+3 Stlth-}
  5338 | D:7      | Found a staircase to the Ecumenical Temple.
  5343 | Temple   | Entered the Ecumenical Temple
  5702 | D:7      | Noticed a green ugly thing
  5711 | D:7      | Killed a green ugly thing
  5884 | D:7      | Noticed a gargoyle
  5885 | D:7      | Reached skill level 5 in Long Blades
  5885 | D:7      | Reached skill level 5 in Axes
  5885 | D:7      | Reached skill level 5 in Maces & Flails
  5885 | D:7      | Reached skill level 5 in Polearms
  5885 | D:7      | Reached skill level 5 in Staves
  5885 | D:7      | Reached skill level 5 in Ranged Weapons
  5885 | D:7      | Reached skill level 5 in Stealth
  5885 | D:7      | Reached skill level 5 in Shields
  5885 | D:7      | Reached skill level 5 in Unarmed Combat
  5885 | D:7      | Reached skill level 5 in Evocations
  5885 | D:7      | Reached XP level 10. HP: 57/76 MP: 18/18
  6093 | D:7      | Found a burning altar of Makhleb.
  6122 | D:7      | Noticed a kobold demonologist
  7743 | D:7      | Noticed a gargoyle
  7772 | D:7      | Killed a gargoyle
  7840 | D:7      | Noticed an orange demon
  7845 | D:7      | Killed a kobold demonologist
  7846 | D:7      | Reached skill level 5 in Fire Magic
  7935 | D:7      | Paralysed by a hornet for 3 turns
  7941 | D:7      | Paralysed by a hornet for 1 turns
  8149 | D:7      | Killed a gargoyle
  8221 | D:7      | Found a shimmering blue altar of Sif Muna.
  8660 | D:7      | Found an ornate altar of the Wu Jian Council.
  8681 | D:7      | Identified the amulet "Edwy" {Spirit +Blink rF- rCorr
                  | Str+2}
  8800 | D:9      | Noticed a two-headed ogre
  8819 | D:9      | Killed a two-headed ogre
  8963 | D:9      | Reached skill level 5 in Conjurations
  8963 | D:9      | Reached skill level 5 in Hexes
  8963 | D:9      | Reached skill level 5 in Summonings
  8963 | D:9      | Reached skill level 5 in Necromancy
  8963 | D:9      | Reached skill level 5 in Translocations
  8963 | D:9      | Reached skill level 5 in Transmutations
  8963 | D:9      | Reached skill level 5 in Ice Magic
  8963 | D:9      | Reached skill level 5 in Air Magic
  8963 | D:9      | Reached skill level 5 in Earth Magic
  8963 | D:9      | Reached skill level 5 in Poison Magic
  8966 | D:9      | Reached XP level 11. HP: 83/83 MP: 21/21
  8995 | D:9      | Found a transporter.
  8997 | D:9      | Found a transporter.
  8997 | D:9      | Noticed a boulder beetle
  9457 | D:10     | Entered Level 10 of the Dungeon
  9659 | D:4      | Became a worshipper of Uskayaw the Reveller
  9862 | D:10     | Reached * piety under Uskayaw
  9867 | D:10     | Reached ** piety under Uskayaw
  9869 | D:10     | Reached *** piety under Uskayaw
  9871 | D:10     | Reached **** piety under Uskayaw
  9986 | D:10     | Noticed a two-headed ogre
 10150 | D:10     | Killed a two-headed ogre
 10208 | D:10     | Noticed Josephine
 10210 | D:10     | Reached ***** piety under Uskayaw
 10216 | D:10     | Reached ****** piety under Uskayaw
 10219 | D:10     | Killed Josephine
 10384 | D:10     | Found a broken altar of Ashenzari.
 10411 | D:10     | Found a staircase to the Lair.
 10664 | D:10     | Noticed Maurice
 10673 | D:10     | Killed Maurice
 10807 | Lair:1   | Entered Level 1 of the Lair of Beasts
 10829 | Lair:1   | Noticed a skyshark
 10837 | Lair:1   | HP: 1/84 [skyshark (18)]
 10837 | Lair:1   | Mangled by a skyshark

Illustrated notes

Levels and vault maps discovered:
D:1:      dpeg_arrival_water_fire, layout_rooms, chequers_mini_garden,
          chequers_serial_rivers_small_a
D:2:      layout_loops_cross, minmay_misc_feat_iff
D:3:      layout_loops_corners, gammafunk_temple_overflow_statue,
          ebering_ghost_sewer_f, uniq_grinder
D:4:      layout_basic, dancing_weapons_uskayaw, fountainhead,
          kennysheep_orc_chapel
D:5:      layout_basic, nicolae_qazlal_beasts_of_the_sky, serial_glass,
          glass_columns_a, glass_columns_a
D:6:      layout_cave_pools, gammafunk_ghost_grave, minmay_shop_damaged,
          kennysheep_nub, kennysheep_potato, uniq_maggie, uniq_menkaure,
          uniq_edmund
D:7:      minmay_the_grid_square_5x5_3x3 [minmay_the_grid_square_5x5_gyroscope,
          minmay_the_grid_square_5x5_three_small,
          minmay_the_grid_square_5x5_eight_small,
          minmay_the_grid_square_5x5_inner_i,
          minmay_the_grid_square_5x5_megaprize_diamond,
          minmay_the_grid_square_5x5_dogpile, minmay_the_grid_square_5x5_c,
          minmay_the_grid_square_5x5_hourglass,
          minmay_the_grid_square_5x5_lines], layout_basic,
          lemuel_blue_sif_altar, mainiacjoe_overflow_boulevard,
          mainiacjoe_overflow_alcove_2, minmay_temple_entry_junction_2
D:8:      layout_layer_cave
D:9:      gammafunk_boulding_lane, layout_irregular_city, serial_column_ruins,
          column_ruins_corridor_corner, column_ruins_grid_4,
          column_ruins_open_small, column_ruins_grid_1,
          column_ruins_columns_dead_end, column_ruins_columns_corner
D:10:     layout_basic, overflow_temple_1_default, david_lair_generic,
          uniq_josephine, uniq_maurice
Temple:   jpeg_temple_clearing
Lair:1:   layout_cave_pods, grunt_forest_large_clearings

Skill      XL: |  1  2  3  4  5  6  7  8  9 10 11 |
---------------+----------------------------------+-----
Fire Magic     | 2 3 4 5 6 |  6.1
Long Blades    | 1 2 3 5 6 |  6.9
Axes           | 1 2 3 5 6 |  6.9
Maces & Flails | 1 2 3 5 6 |  6.9
Polearms       | 1 2 3 5 6 |  6.9
Staves         | 1 2 3 5 6 |  6.9
Ranged Weapons | 1 2 3 5 6 |  6.9
Stealth        | 1 2 3 5 6 |  6.9
Shields        | 1 2 3 5 6 |  6.9
Unarmed Combat | 1 2 3 5 6 |  6.9
Evocations     | 1 2 3 5 6 |  6.9
Spellcasting   | 3 4 5 6 7 |  7.5
Conjurations   | 1 2 3 4 5 |  5.7
Hexes          | 1 2 3 4 5 |  5.7
Summonings     | 1 2 3 4 5 |  5.7
Necromancy     | 1 2 3 4 5 |  5.7
Translocations | 1 2 3 4 5 |  5.7
Transmutations | 1 2 3 4 5 |  5.7
Ice Magic      | 1 2 3 4 5 |  5.7
Air Magic      | 1 2 3 4 5 |  5.7
Earth Magic    | 1 2 3 4 5 |  5.7
Poison Magic   | 1 2 3 4 5 |  5.7
Invocations    | 3 4 5 6 7 8 |  8.0
Fighting       | 3 4 5 6 7 |  7.4
Short Blades   | 5 6 7 8 |  8.3
Throwing       | 5 6 7 8 |  8.3
Armour         | 3 4 5 6 7 |  7.4
Dodging        | 3 4 5 6 7 |  7.4

Action                     |  1- 3 |  4- 6 |  7- 9 | 10-12 || total
---------------------------+-------+-------+-------+-------++-------
  Melee: Short sword       |   116 |   145 |   108 |       ||   369
         Bite              |     7 |    13 |     8 |       ||    28
         Punch             |     1 |     2 |     2 |       ||     5
   Fire: Sling             |       |       |   173 |   321 ||   494
  Throw: Throwing net      |       |       |       |     3 ||     3
 Invoke: Line Pass         |       |       |       |     2 ||     2
    Use: Scroll            |       |     7 |     1 |    16 ||    24
         Potion            |       |     1 |     5 |     2 ||     8
   Stab: Sleeping          |     1 |     3 |     1 |       ||     5
 Armour: Robe              |    18 |       |       |       ||    18
         Ring mail         |    14 |    54 |    91 |    89 ||   248
  Dodge: Dodged            |    69 |    64 |   147 |   190 ||   470
